 Dungeon Crawl Stone Soup version 0.30.1 (webtiles) character file.

Game seed: 6612722583897455198

1176 Nicoed the Cleaver (level 8, -4/66 HPs)
             Began as a Minotaur Fighter on July 12, 2023.
             Slain by a troll (8 damage)
             ... on level 6 of the Dungeon.
             The game lasted 00:04:05 (4434 turns).

Nicoed the Cleaver (Minotaur Fighter)               Turns: 4434, Time: 00:04:05

Health: -4/66      AC:  9    Str: 22 (24) XL:     8   Next: 18%
Magic:  7/7        EV:  8    Int:  4 (5)  God:
Gold:   175        SH:  0    Dex:  8 (9)  Spells: 7/7 levels left

rFire   . . .        v - +0 battleaxe
rCold   + . .        (shield currently unavailable)
rNeg    . . .        y - +0 chain mail {rC+}
rPois   .            (helmet restricted)
rElec   .            (no cloak)
rCorr   .            (no gloves)
SInv    +            (no boots)
Will    .....        r - amulet of faith Stlth
                     h - ring of see invisible
HPRegen 0.31/turn    (no ring)
MPRegen 0.10/turn

%: faith
@: no status effects
A: horns 2, retaliatory headbutt
a: no special abilities


You were on level 6 of the Dungeon.
You visited 1 branch of the dungeon, and saw 6 of its levels.

You collected 175 gold pieces.

Inventory:

Hand Weapons
 u - a +1 hand axe of freezing
 v - a +0 battleaxe (weapon)
Armour
 c - a +0 buckler
 y - a +0 chain mail of cold resistance (worn)
Jewellery
 h - a ring of see invisible (left hand)
 r - an amulet of faith (around neck)
 B - a ring of flight
Wands
 x - a wand of paralysis (2)
Scrolls
 a - a scroll of butterflies {unknown}
 b - a scroll of fear {unknown}
 f - a scroll of poison {unknown}
 j - 4 scrolls of teleportation {unknown}
 k - 2 scrolls of blinking {unknown}
 l - 3 scrolls of fog {unknown}
 m - 2 scrolls of identify {unknown}
 n - 2 scrolls of enchant armour {unknown}
 o - a scroll of vulnerability {unknown}
 q - 2 scrolls of amnesia {unknown}
Potions
 d - a potion of might
 e - 2 potions of attraction {unknown}
 g - 2 potions of degeneration
 i - 2 potions of lignification {unknown}
 p - a potion of curing {unknown}
 s - 3 potions of heal wounds {unknown}
 t - 2 potions of ambrosia {unknown}
 w - a potion of berserk rage {unknown}
 z - a potion of cancellation {unknown}
 A - a potion of haste {unknown}


   Skills:
 - Level 4.0 Fighting
 + Level 11.5 Axes
 - Level 4.0 Armour
 - Level 4.0 Shields


You had 7 spell levels left.
You didn't know any spells.
Your spell library contained the following spells:

 Spells                   Type           Power      Damage    Failure   Level
 Sublimation of Blood     Necr           0%         N/A       99%         2
 Wereblood                Tmut           0%         N/A       99%         2
 Summon Hydra             Summ           0%         N/A       100%        7


Dungeon Overview and Level Annotations

Branches:
Dungeon (6/15)
 Temple: D:4-7

Altars:
Qazlal
Vehumet


Innate Abilities, Weirdness & Mutations

You have a pair of horns on your head.
You reflexively headbutt those who attack you in melee.


Message History

Unknown command.
You miss the adder. Your headbutt misses the adder.
The adder is almost dead.
The adder bites you but does no damage.
An adder is nearby!
You slash the adder!
You kill the adder!
Unknown command.
HP restored.
Found a stone staircase leading up.
No target in view!
Unknown command.
Found a stone staircase leading down.
A troll and an orc come into view.
Found a ring mail.
The troll shouts!
The orc shouts!
Unknown command.
You barely miss the troll. Your headbutt misses the troll.
The troll barely misses you. The troll completely misses you.
The troll claws you but does no damage.
You hit the troll.
The troll is lightly wounded.
The troll bites you! The troll claws you. x2
You barely miss the troll. You headbutt the troll.
The troll is lightly wounded.
The troll bites you! The troll claws you. x2
You hit the troll.
The troll is lightly wounded.
The troll bites you but does no damage. The troll claws you but does no damage.
The troll closely misses you. The troll bites you!
* * * LOW HITPOINT WARNING * * *
The troll claws you.
* * * LOW HITPOINT WARNING * * *
The troll claws you.
* * * LOW HITPOINT WARNING * * *
It was a potion of degeneration.
There was something very wrong with that liquid.
You feel weakened.
You feel dopey.
You feel clumsy. The troll bites you but does no damage. The troll claws you!
You die...

############## ......
#............# ......
#......#####.######
.....
######.†.###......# ....
..# #...#......... ..#
#.# #...#.#..###.. #.#
#.# #.###.#..# ###
.######.####@#
#.###.#..# #
.[..>......#T#
#........# #
#.......#..o###........#
#
##....T.##...##........#
#
#......###.......^....#
# #.......
#<###...###... .
#........#### #...# ..
## ........... ...... .
#........### ....###


You could see a troll and an orc.

Vanquished Creatures
  Menkaure (D:5)
  An ice beast (D:5)
  A sky beast (D:5)
  A phantom (D:5)
  2 scorpions
  3 hounds
  A gnoll bouda (D:5)
  2 jellies (D:3)
  Jessica (D:2)
  Natasha (thrice) (D:3)
  3 sleepcaps
  An iguana (D:5)
  A statue (D:4)
  Robin (D:2)
  13 gnolls
  4 adders
  A worm (D:2)
  9 orcs
  7 bats
  10 endoplasms
  2 giant cockroaches
  18 goblins
  4 hobgoblins
  7 jackals
  A quokka (D:2)
  7 ball pythons
  2 frilled lizards (D:1)
  16 kobolds
  7 rats
130 creatures vanquished.

Notes
Turn   | Place    | Note
-------+----------+-------------------------------------------
     0 | D:1      | Nicoed the Minotaur Fighter began the quest for the Orb.
     0 | D:1      | Reached XP level 1. HP: 19/19 MP: 0/0
   134 | D:1      | Reached XP level 2. HP: 25/27 MP: 1/1
   299 | D:1      | Reached skill level 3 in Axes
   766 | D:2      | Noticed Robin
   773 | D:2      | Reached XP level 3. HP: 25/33 MP: 2/2
   795 | D:2      | Killed Robin
   796 | D:2      | Reached skill level 4 in Axes
   962 | D:2      | Reached XP level 4. HP: 33/40 MP: 3/3
   971 | D:2      | Reached skill level 5 in Axes
  1169 | D:2      | Noticed Jessica
  1176 | D:2      | Killed Jessica
  1254 | D:2      | Reached XP level 5. HP: 46/46 MP: 4/4
  1598 | D:3      | Found a faded altar of an unknown god.
  1630 | D:3      | Reached skill level 6 in Axes
  2092 | D:3      | Reached skill level 7 in Axes
  2095 | D:3      | Reached XP level 6. HP: 21/52 MP: 5/5
  2266 | D:3      | Noticed Natasha
  2268 | D:3      | Killed Natasha
  2486 | D:3      | Noticed Natasha
  2492 | D:3      | Killed Natasha
  2612 | D:3      | Noticed Natasha
  2619 | D:3      | Killed Natasha
  2787 | D:4      | Reached skill level 8 in Axes
  3300 | D:4      | Reached XP level 7. HP: 47/59 MP: 6/6
  3306 | D:4      | Found a radiant altar of Vehumet.
  3506 | D:5      | Entered Level 5 of the Dungeon
  3546 | D:5      | Reached skill level 9 in Axes
  3577 | D:5      | Reached skill level 10 in Axes
  3610 | D:5      | Noticed Menkaure
  3616 | D:5      | Killed Menkaure
  3944 | D:5      | Found a stormy altar of Qazlal.
  3949 | D:5      | Reached XP level 8. HP: 66/66 MP: 7/7
  3952 | D:5      | Reached skill level 11 in Axes
  4419 | D:6      | Noticed a troll
  4433 | D:6      | HP: 3/66 [troll (6)]
  4434 | D:6      | Slain by a troll

Illustrated notes

Levels and vault maps discovered:
D:1:      zaba_arrival_water, layout_loops_ring, dk_noncrumbling_2
D:2:      layout_rooms, uniq_robin, uniq_jessica
D:3:      cheibrodos_fertilizer, layout_loops_cross,
          dreamdust_ecumenical_altar_hidden_monk_grotto, hangedman_glass_teeth,
          minmay_misc_feat_four_crosses, grunt_decor_resistance,
          dreamdust_princess_bridge, grunt_decor_cap, uniq_natasha
D:4:      layout_basic, vehumet_statue, amcnicky_mini_pool_small
D:5:      layout_loops_cross, nicolae_qazlal_beasts_of_the_sky, uniq_menkaure
D:6:      layout_basic, minmay_manual_maat

Skill      XL: |  1  2  3  4  5  6  7  8 |
---------------+-------------------------+-----
Fighting       | 4 |  4.0
Armour         | 4 |  4.0
Shields        | 4 |  4.0
Axes           | 3 4 5 7 8 10 11 | 11.5

Action                     |  1- 3 |  4- 6 |  7- 9 || total
---------------------------+-------+-------+-------++-------
  Melee: War axe           |    72 |    97 |       ||   169
         Headbutt          |     7 |    21 |     6 ||    34
         Battleaxe         |       |    40 |    63 ||   103
    Use: Potion            |       |       |     1 ||     1
 Armour: Scale mail        |    34 |    67 |       ||   101
         Chain mail        |       |       |    27 ||    27
  Dodge: Dodged            |    43 |    54 |    22 ||   119
  Block: Buckler           |    13 |    16 |       ||    29
